 Seeded DCSS version 0.28.0-53-g5a82cb258f (webtiles) character file.

Game seed: 9403513121866162502 (custom seed)

178 hikkokomori the Magician (level 5, -6/33 HPs)
             Began as an Octopode Hedge Wizard on Oct 23, 2022.
             Killed by divine providence
             ... invoked by an orc priest
              (14 damage)
             ... on level 3 of the Dungeon.
             The game lasted 00:07:57 (2633 turns).

hikkokomori the Magician (Octopode Hedge Wizard)    Turns: 2633, Time: 00:07:57

Health: -6/33      AC:  1    Str:  9    XL:     5   Next: 58%
Magic:  6/9        EV: 13    Int: 17    God:
Gold:   90         SH:  0    Dex: 13    Spells: 2/10 levels left

rFire   . . .      SeeInvis .   a - +0 dagger
rCold   . . .      Faith    .   (no shield)
rNeg    . . .      Spirit   .   b - +0 hat
rPois   .          Reflect  .   (no amulet)
rElec   .          Harm     .   (no ring)
rCorr   .          Rampage  .   (no ring)
Will    .....                   (no ring)
Stlth   +++.......              (no ring)
HPRegen 0.11/turn               (no ring)
MPRegen 0.11/turn               (no ring)
                                (no ring)
                                (no ring)

@: no status effects
A: almost no armour, amphibious, 8 rings, camouflage 1, gelatinous body 1,
(nimble swimmer 1), tentacles
a: no special abilities


You were on level 3 of the Dungeon.
You visited 1 branch of the dungeon, and saw 3 of its levels.

You collected 101 gold pieces.
You spent 11 gold pieces at shops.

Inventory:

Hand Weapons
 a - a +0 dagger (weapon)
Missiles
 n - a throwing net
Armour
 b - a +0 hat (worn)
Scrolls
 e - a scroll of magic mapping {unknown}
 f - 2 scrolls of identify {unknown}
 i - a scroll of fear {unknown}
 j - a scroll of noise {unknown}
 l - a scroll of brand weapon {unknown}
 o - a scroll of amnesia {unknown}
Potions
 c - a potion of mutation {unknown}
 d - a potion of heal wounds {unknown}
 g - a potion of degeneration
 h - a potion of might {unknown}
 k - a potion of ambrosia {unknown}
 m - a potion of curing {unknown}


   Skills:
 - Level 1.1 Fighting
 - Level 2.0 Dodging
 - Level 2.6 Stealth
 - Level 3.0 Spellcasting
 + Level 2.6 Conjurations
 + Level 2.6 Summonings
 + Level 2.6 Translocations
 + Level 1.8 Air Magic


You had 2 spell levels left.
You knew the following spells:

 Your Spells              Type           Power      Damage    Failure   Level
a - Magic Dart            Conj           44%        1d5       6%          1
b - Mephitic Cloud        Conj/Pois/Air  7%         N/A       28%         3
c - Blink                 Tloc           22%        N/A       9%          2
d - Call Imp              Summ           11%        N/A       9%          2

Your spell library contained the following spells:

 Spells                   Type           Power      Damage    Failure   Level
 Slow                     Hex            8%         N/A       17%         1
 Lesser Beckoning         Tloc           11%        N/A       17%         3
 Conjure Flame            Conj/Fire      7%         6-21      30%         3
 Confusing Touch          Hex            2%         N/A       45%         3
 Vampiric Draining        Necr           2%         2d6       45%         3
 Manifold Assault         Tloc           11%        N/A       85%         5


Dungeon Overview and Level Annotations

Branches:
Dungeon (3/15)

Altars:

Shops:
D:1 !


Innate Abilities, Weirdness & Mutations

You cannot wear most types of armour.
You are amphibious.
You can wear up to eight rings at the same time.
Your skin changes colour to match your surroundings (Stealth+).
Your rubbery body absorbs attacks. (AC +1, EV +1)
((You are camouflaged when in or above water. (Stealth+)))
You have tentacles for arms and can constrict up to eight enemies at once.


Message History

The stinking cloud engulfs the orc priest but does no damage.
You hear a shout!
The orc priest is engulfed in noxious fumes.
The orc priest looks encouraged for a moment.
Unknown command.
A gnoll comes into view. It is wielding a +0 whip.
The orc priest is engulfed in noxious fumes.
The orc priest appears confused.
The orc priest hits itself with a +0 whip.
Unknown command.
The orc priest is engulfed in noxious fumes.
The orc priest appears confused.
The orc priest hits you with a +0 whip.
Unknown command.
You hit the orc priest. You grab the orc priest.
The orc priest is moderately wounded.
You constrict the orc priest.
The orc priest is engulfed in noxious fumes.
The orc priest appears confused.
Unknown command.
You hit the orc priest. You squeeze the orc priest.
The orc priest is heavily wounded.
You constrict the orc priest.
The orc priest is engulfed in noxious fumes.
The orc priest appears confused.
The orc priest hits you with a +0 whip.
Unknown command.
You completely miss the orc priest.
The orc priest is severely wounded.
You constrict the orc priest. The orc priest completely misses you.
Unknown command.
You hit the orc priest.
The orc priest is almost dead.
You constrict the orc priest.
You kill the orc priest!
The gnoll hits you with a +0 whip.
The orc priest mumbles some strange prayers to Beogh against you.
Beogh smites you!
* * * LOW HITPOINT WARNING * * *
The orc priest calls down the wrath of Beogh upon you.
Beogh smites you!
You die...

..... #### ....
.... #..# .....
#.. .....# #g#
.....# #.#
....##g# # #..#g#
... #.###oo@##
.....
#....##..##.....
####.##.........
#.##.#.......
#....#......# ..#
####.............
#.......##.....#
#..#.......#.<..
##.#.##.........


You could see an orc priest, 3 gnolls and an orc.

Vanquished Creatures
  A centaur zombie (D:3)
  An orc priest (D:3)
  3 gnolls (D:2)
  3 adders (D:2)
  2 worms (D:2)
  A dart slug (D:1)
  3 endoplasms (D:1)
  2 giant cockroaches (D:1)
  3 hobgoblins (D:1)
  3 jackals (D:1)
  4 kobolds
  4 ball pythons
  2 bats
  A frilled lizard (D:1)
  4 goblins
  3 rats
40 creatures vanquished.

Vanquished Creatures (collateral kills)
  A gnoll (D:2)
  A bat (D:3)
  An endoplasm (D:2)
  A hobgoblin (D:3)
4 creatures vanquished.

Grand Total: 44 creatures vanquished

Notes
Turn   | Place    | Note
-------+----------+-------------------------------------------
     0 | D:1      | hikkokomori the Octopode Hedge Wizard began the quest for
                  | the Orb.
     0 | D:1      | Reached XP level 1. HP: 11/11 MP: 4/4
   264 | D:1      | Reached XP level 2. HP: 18/18 MP: 0/6
   526 | D:1      | Found Wirodosm's Distillery.
   573 | D:1      | Reached skill level 1 in Fighting
   798 | D:1      | Bought a potion of degeneration for 11 gold pieces
   880 | D:1      | Reached XP level 3. HP: 23/23 MP: 7/7
   967 | D:1      | Learned a level 3 spell: Mephitic Cloud
   970 | D:1      | Learned a level 2 spell: Blink
   973 | D:1      | Learned a level 2 spell: Call Imp
  1517 | D:2      | Reached XP level 4. HP: 12/28 MP: 1/8
  1893 | D:2      | Reached skill level 1 in Air Magic
  2342 | D:3      | Reached XP level 5. HP: 5/33 MP: 5/9
  2633 | D:3      | Killed from afar by an orc priest

Illustrated notes

Levels and vault maps discovered:
D:1:      roderic_dead_forest, layout_basic, serial_shops, shop
D:2:      layout_loops_cross, minmay_split_cup_large
D:3:      layout_rooms, nicolae_ecumenical_snake_handling

Skill      XL: |  1  2  3  4 |
---------------+-------------+-----
Fighting       | 1 |  1.1
Summonings     | 2 |  2.6
Conjurations   | 2 |  2.6
Translocations | 2 |  2.6
Air Magic      | 1 |  1.8
Dodging        | |  2.0
Stealth        | |  2.6
Spellcasting   | |  3.0

Action                   |  1- 3 |  4- 6 || total
-------------------------+-------+-------++-------
Melee: Dagger            |    52 |    32 ||    84
       Constrict         |    14 |    10 ||    24
       Tentacles         |    12 |    11 ||    23
       Punch             |     3 |     2 ||     5
 Cast: Magic Dart        |    27 |     5 ||    32
       Call Imp          |     2 |     4 ||     6
       Blink             |     1 |     1 ||     2
       Mephitic Cloud    |       |     2 ||     2
 Stab: Sleeping          |     7 |       ||     7
       Confused          |       |     1 ||     1
Armor: Skin              |     1 |     2 ||     3
Dodge: Dodged            |    40 |    20 ||    60
